 Dungeon Crawl Stone Soup version 0.26-a0-520-g952f204493 (webtiles) character file.

Game seed: 4517149318945843080

3913 ANON1729 the Basher (level 10, 0/91 HPs)
             Began as a Hill Orc Monk on Aug 12, 2020.
             Was a Believer of Beogh.
             Slain by a killer bee (2 damage)
             ... on level 8 of the Dungeon.
             The game lasted 00:20:58 (11015 turns).

ANON1729 the Basher (Hill Orc Monk)                Turns: 11015, Time: 00:20:58

Health: 0/91       AC: 10    Str: 18    XL:     10   Next: 20%
Magic:  10/10      EV: 12    Int: 10    God:    Beogh [**....]
Gold:   579        SH:  5    Dex: 13    Spells: 9/9 levels left

rFire    . . .     SeeInvis .   G - +3 quarterstaff (chaos)
rCold    . . .     Faith    .   (shield currently unavailable)
rNeg     . . .     Spirit   .   e - +0 ring mail
rPois    .         Reflect  +   s - +1 helmet
rElec    .         Harm     .   H - +0 cloak
rCorr    .                      (no gloves)
MR       .....                  (no boots)
Stlth    +.........             w - amulet of reflection
HPRegen  0.25/turn              (no ring)
MPRegen  0.12/turn              (no ring)

@: mighty, brilliant, lethally poisoned (0 -> -7), stab, very slightly
contaminated, invisible
A: no striking features
a: Smiting, Renounce Religion


You were on level 8 of the Dungeon.
You worshipped Beogh.
Beogh was pleased with you.
You visited 2 branches of the dungeon, and saw 9 of its levels.

You collected 579 gold pieces.

Inventory:

Hand Weapons
 a - a +0 mace
 u - a +0 mace of protection
 A - a +3 flail
 D - a +2 mace of holy wrath
 G - a +3 quarterstaff of chaos (weapon)
Armour
 b - a +0 robe
 e - a +0 ring mail (worn)
 q - a +0 leather armour
 s - a +1 helmet (worn)
 H - a +0 cloak (worn)
Magical Staves
 v - an uncursed staff of cold {unknown}
Jewellery
 w - an amulet of reflection (around neck)
 F - an uncursed amulet of inaccuracy
Wands
 p - a wand of digging (3)
Scrolls
 d - 2 scrolls of remove curse
 f - 13 scrolls of identify
 g - 2 scrolls of random uselessness {unknown}
 i - 4 scrolls of enchant weapon {unknown}
 j - 2 scrolls of immolation {unknown}
 m - 2 scrolls of magic mapping {unknown}
 o - 3 scrolls of teleportation {unknown}
 t - 2 scrolls of enchant armour {unknown}
 x - 2 scrolls of fog {unknown}
 y - a scroll of noise {unknown}
 z - 2 scrolls of fear {unknown}
 B - 2 scrolls of blinking {unknown}
 E - a scroll of torment {unknown}
Potions
 c - a potion of invisibility
 k - 4 potions of flight


   Skills:
 + Level 9.4 Fighting
 * Level 11.4 Maces & Flails
 + Level 7.6 Armour
 - Level 2.5 Dodging
 - Level 2.0 Stealth


You had 9 spell levels left.
You didn't know any spells.
Your spell library was empty.

Dungeon Overview and Level Annotations

Branches:
Dungeon (8/15)             Temple (1/1) D:7
   Lair: D:8-11

Altars:
Cheibriados
Elyvilon
Fedhas
Hepliaklqana
Kikubaaqudgha
Makhleb
Nemelex Xobeh
Okawaru
Qazlal
Ru
Sif Muna
Trog
Vehumet
Wu Jian
Xom
Yredelemnul
Zin
The Shining One

Annotations:
D:2 Sigmund
D:4 2 transporters, astraldaughter's ghost, amateur GnAE
D:5 exclusion: 2 sky beasts
D:6 exclusion: upstairs


Message History

The killer bee stings you but does no damage.
The killer bee closely misses you. The killer bee barely misses you. x3
Okay, then.
Okay, then.
Unknown command.
Press < or > to pray at altars.
The helpless killer bee fails to defend itself.
You bludgeon the killer bee!!
You kill the killer bee!
Beogh accepts your kill.
You feel sick. The killer bee completely misses you.
The killer bee closely misses you. You block the killer bee's attack.
The killer bee closely misses you.
You barely miss the killer bee. The killer bee stings you.
* * * LOW HITPOINT WARNING * * *
You are lethally poisoned!
The killer bee poisons you!
The killer bee stings you but does no damage.
The killer bee stings you.
You die...

...##...#.##.<....###.#
. #..........#
#............
#####.....##. #
...##### .# .#######
####c#### ####.[.
##.#...#.###.#..(#
#@y'.8('..........
##y#...#.##.......
####+######((....
...##... ....##....
#... ..## #### ..##
##..## # #$...##.


You could see 2 killer bees.

Vanquished Creatures
  A two-headed ogre (D:8)
  Joseph (D:7)
  A hippogriff (D:7)
  Duvessa (D:6)
  2 orc warriors (D:7)
  2 sky beasts
  3 ogres
  A phantom (D:8)
  2 centaurs
  A big kobold (D:7)
  3 bullfrogs (D:7)
  Dowan (D:6)
  2 wyvern skeletons (D:6)
  2 scorpions
  2 killer bees (D:8)
  2 howler monkeys (D:7)
  11 wights
  A bullfrog zombie (D:7)
  A jelly (D:7)
  6 orc wizards
  2 hounds (D:7)
  Crazy Yiuf (D:7)
  4 worker ants
  7 gnolls
  9 adders
  A shadow imp (D:7)
  2 white imps
  3 oozes
  An adder skeleton (D:4)
  2 worms (D:2)
  3 leopard geckos
  8 orcs
  2 ball pythons
  7 giant cockroaches
  9 hobgoblins
  8 jackals
  10 kobolds
  4 quokkas
  7 bats
  3 frilled lizards
  A giant cockroach zombie (D:6)
  4 goblins
  A leopard gecko skeleton (D:7)
  3 rats (D:1)
148 creatures vanquished.

Vanquished Creatures (collateral kills)
  Ijyb (D:3)
  A leopard gecko (D:3)
  A quokka (D:3)
  A goblin (D:3)
4 creatures vanquished.

Vanquished Creatures (others)
  A centaur skeleton (D:6)
  A worker ant (D:3)
  An orc (D:6)
3 creatures vanquished.

Grand Total: 155 creatures vanquished

Notes
Turn   | Place    | Note
-------+----------+-------------------------------------------
     0 | D:1      | ANON1729 the Hill Orc Monk began the quest for the Orb.
     0 | D:1      | Reached XP level 1. HP: 19/19 MP: 1/1
   206 | D:1      | Reached XP level 2. HP: 13/27 MP: 2/2
   871 | D:2      | Found a stormy altar of Qazlal.
   883 | D:2      | Reached XP level 3. HP: 11/33 MP: 3/3
  1146 | D:2      | Noticed Sigmund
  1279 | D:2      | Reached skill level 4 in Maces & Flails
  1287 | D:2      | Reached skill level 1 in Armour
  1578 | D:2      | Reached XP level 4. HP: 8/40 MP: 4/4
  2965 | D:3      | Found a radiant altar of Vehumet.
  3048 | D:3      | Found a sacrificial altar of Ru.
  3153 | D:3      | Noticed Ijyb
  3430 | D:2      | Reached XP level 5. HP: 36/47 MP: 5/5
  3891 | D:4      | Noticed an ogre
  3943 | D:3      | Killed Ijyb
  4011 | D:4      | Reached skill level 5 in Maces & Flails
  4029 | D:4      | HP: 1/47 [scorpion (8)]
  4428 | D:5      | Entered Level 5 of the Dungeon
  4668 | D:5      | Noticed a sky beast
  4865 | D:5      | Noticed a sky beast
  5114 | D:4      | Noticed an ogre
  5136 | D:4      | Reached XP level 6. HP: 9/55 MP: 6/6
  5405 | D:4      | Reached skill level 5 in Fighting
  5455 | D:4      | Found a transporter.
  5455 | D:4      | Noticed astraldaughter's ghost (amateur GnAE)
  5473 | D:4      | Found a transporter.
  6067 | D:5      | Killed a sky beast
  6067 | D:5      | Reached skill level 6 in Maces & Flails
  6783 | D:6      | Found an iron altar of Okawaru.
  6785 | D:6      | Noticed Duvessa
  6786 | D:6      | Noticed Dowan
  6795 | D:6      | Killed Duvessa
  6795 | D:6      | Reached XP level 7. HP: 61/61 MP: 7/7
  6815 | D:6      | Killed Dowan
  6851 | D:6      | Reached skill level 7 in Maces & Flails
  7219 | D:6      | Became a worshipper of Beogh the Brigand
  7219 | D:6      | Reached * piety under Beogh
  7219 | D:6      | Reached ** piety under Beogh
  7221 | D:6      | HP: 1/63 [wight/cursed +1 dire flail of freezing (5)]
  7279 | D:6      | Found a burning altar of Makhleb.
  7434 | D:6      | Reached XP level 8. HP: 55/70 MP: 8/8
  7911 | D:3      | Reached skill level 8 in Maces & Flails
  8563 | D:7      | Reached skill level 5 in Armour
  8759 | D:7      | Noticed a hippogriff
  8760 | D:7      | Noticed Joseph
  8778 | D:7      | Killed a hippogriff
  8778 | D:7      | Reached skill level 9 in Maces & Flails
  8778 | D:7      | Reached XP level 9. HP: 49/79 MP: 9/9
  8791 | D:7      | Killed Joseph
  9116 | D:7      | Reached skill level 10 in Maces & Flails
  9223 | D:7      | Found a staircase to the Ecumenical Temple.
  9332 | Temple   | Entered the Ecumenical Temple
  9718 | D:7      | Found a runed translucent door.
  9719 | D:7      | Noticed Crazy Yiuf
  9939 | D:7      | Killed Crazy Yiuf
 10304 | D:5      | Noticed a rust devil
 10304 | D:5      | Noticed a rust devil
 10956 | D:8      | Noticed a two-headed ogre
 10980 | D:8      | HP: 1/82 [two-headed ogre/+0 giant club (14)]
 10989 | D:8      | Found a white marble altar of Elyvilon.
 11011 | D:8      | Killed a two-headed ogre
 11011 | D:8      | Reached skill level 11 in Maces & Flails
 11011 | D:8      | Reached XP level 10. HP: 9/91 MP: 10/10
 11011 | D:8      | HP: 4/91 [killer bee (5)]
 11015 | D:8      | Slain by a killer bee

Illustrated notes

Levels and vault maps discovered:
D:1:      dpeg_arrival_water_temple_mockup, layout_basic
D:2:      minmay_recursive_quarters, layout_basic, lemuel_crystal_altar,
          uniq_sigmund
D:3:      minmay_angry_zag, layout_basic, fiery_altar_vehumet,
          nicolae_ru_great_annihilating_truth, uniq_ijyb
D:4:      layout_rooms, gammafunk_ghost_mausoleum
D:5:      cheibrodos_iron_armory, layout_loops_ring
D:6:      layout_loops_ring, lemuel_crystal_altar, okawaru_metal_pillars_1_2,
          uniq_duvessa
D:7:      layout_rooms, minmay_temple_entry_crystal_x, uniq_crazy_yiuf_cottage,
          uniq_joseph
D:8:      layout_cave_pools, grunt_temple_overflow_diamond
Temple:   hc_temple_tempest_star

Skill      XL: |  1  2  3  4  5  6  7  8  9 |
---------------+----------------------------+-----
Fighting       | 4 5 6 7 9 |  9.4
Stealth        | 2 |  2.0
Maces & Flails | 4 5 6 7 9 11 | 11.4
Armour         | 1 2 3 4 5 7 |  7.6
Dodging        | |  2.5

Action                   |  1- 3 |  4- 6 |  7- 9 | 10-12 || total
-------------------------+-------+-------+-------+-------++-------
Melee: Mace              |   110 |   201 |    29 |       ||   340
       Flail             |       |       |   309 |       ||   309
       Quarterstaff      |       |       |     7 |     2 ||     9
Invok: Smiting           |       |       |     1 |       ||     1
       Convert to Beogh  |       |       |     1 |       ||     1
Evoke: Wand              |       |    15 |     2 |       ||    17
  Use: Potion            |       |     1 |    10 |     2 ||    13
       Scroll            |       |       |     3 |       ||     3
 Stab: Sleeping          |     3 |     6 |     4 |     1 ||    14
       Invisible         |       |     1 |     1 |       ||     2
Armor: Robe              |    27 |    31 |       |       ||    58
       Leather armour    |       |    15 |    33 |       ||    48
       Ring mail         |       |       |    27 |     2 ||    29
Dodge: Dodged            |    93 |   173 |   161 |    13 ||   440
Block: Other             |       |    14 |    74 |     2 ||    90
       Reflection        |       |       |     5 |       ||     5

Table legend: (Time is in decaauts)
 A = Elapsed time spent in this place.
 B = Non-inter-level travel time spent in this place.
 C = Inter-level travel time spent in this place.
 D = Time resting spent in this place.
 E = Time spent auto-exploring this place.
 F = Levels seen in this place.
 G = Mean time per level.
                   A        B        C        D        E       F      G
               +--------+--------+--------+--------+--------+-----+--------+
         Total |  11074 |  10486 |    588 |   5039 |   3592 |   9 | 1230.4 |
       Dungeon |  10767 |  10193 |    574 |   4932 |   3406 |   8 | 1345.9 |
        Temple |    307 |    293 |     14 |    107 |    186 |   1 |  307.0 |
               +--------+--------+--------+--------+--------+-----+--------+

Top non-repeatable levels by time:
     D:2: 2102 daAuts
     D:7: 1989 daAuts
     D:3: 1641 daAuts
     D:5: 1362 daAuts
     D:4: 1197 daAuts
     D:6: 1191 daAuts
     D:1: 899 daAuts
     D:8: 383 daAuts
  Temple: 307 daAuts
